 Dungeon Crawl Stone Soup version 0.30-a0-782-ge64f9170bb (webtiles) character file.

Game seed: 13341895600901442134

19 BRD the Slasher (level 2, 0/23 HPs)
             Began as a Barachi Reaver on Feb 18, 2023.
             Slain by a rat (2 damage)
             ... on level 1 of the Dungeon.
             The game lasted 00:01:33 (236 turns).

BRD the Slasher (Barachi Reaver)                     Turns: 236, Time: 00:01:34

Health: 0/23       AC:  8    Str: 13    XL:     2   Next: 75%
Magic:  5/5        EV:  6    Int: 13    God:
Gold:   11         SH:  0    Dex: 10    Spells: 4/5 levels left

rFire   . . .      SeeInvis .    a - +0 falchion
rCold   . . .      Faith    .    (no shield)
rNeg    . . .      Spirit   .    e - +0 chain mail
rPois   .          Reflect  .    (no helmet)
rElec   .          Harm     .    (no cloak)
rCorr   .          Rampage  .    (no gloves)
Will    .....                    (no boots) Stlth
                                 (no amulet)
HPRegen 0.23/turn                (no ring)
MPRegen 0.09/turn                (no ring)

@: slow
A: amphibious, slowness 1, strong legs 1, +LOS
a: Hop


You were on level 1 of the Dungeon.
You visited 1 branch of the dungeon, and saw 1 of its levels.

You collected 11 gold pieces.

Inventory:

Hand Weapons
 a - a +0 falchion (weapon)
Armour
 e - a +0 chain mail (worn)
Scrolls
 c - 4 scrolls of identify {unknown}
 d - a scroll of fog {unknown}


   Skills:
 + Level 2.8 Fighting
 + Level 3.9 Long Blades
 + Level 1.2 Armour
 + Level 2.5 Dodging
 - Level 2.1 Spellcasting
 - Level 3.2 Conjurations


You had 4 spell levels left.
You knew the following spells:

 Your Spells              Type           Power      Damage    Failure   Level
a - Kiss of Death         Conj/Necr      20%        2d7       99%         1

Your spell library contained the following spells:

 Spells                   Type           Power      Damage    Failure   Level
 Momentum Strike          Conj/Tloc      10%        3d8       100%        2
 Hailstorm                Conj/Ice       5%         3d4       100%        3


Dungeon Overview and Level Annotations

Branches:
Dungeon (1/15)

Altars:


Innate Abilities, Weirdness & Mutations

You are amphibious.
You cover ground slowly.
You can hop short distances.
You have an extended range of vision and can be seen from far away.


Message History

You are too injured to fight recklessly!
You barely miss the bat. The bat hits you but does no damage.
The dart slug barely misses you. The rat barely misses you.
The endoplasm hits you but does no damage.
You closely miss the bat. The bat hits you but does no damage. x3
The rat bites you. The endoplasm barely misses you.
You hit the bat.
You kill the bat!
The dart slug bites you.
* * * LOW HITPOINT WARNING * * *
The rat bites you but does no damage. The endoplasm freezes you.
You are frozen.
* * * LOW HITPOINT WARNING * * *
Items here: ) †††.
You aren't carrying any potions.
You aren't carrying any potions.
You hit the dart slug.
The dart slug is almost dead.
The dart slug launches a dart at you.
The slug dart hits you but does no damage.
You hit the dart slug but do no damage.
The dart slug is almost dead.
The dart slug bites you.
* * * LOW HITPOINT WARNING * * *
You hit the dart slug but do no damage.
The dart slug is almost dead.
You hit the dart slug.
You kill the dart slug!
The goblin hits you but does no damage.
You closely miss the goblin. The rat bites you but does no damage.
The goblin hits you but does no damage. x2
The rat bites you but does no damage.
You hit the goblin.
The goblin is moderately wounded.
The rat bites you but does no damage. The goblin barely misses you.
You slash the goblin!
You kill the goblin!
The rat bites you.
You die...

.....>... #........
#....... # # ##......#.#.#
###...(...#...#.###
.....#........... .
#.###............# #.
#..!...)..# #..# #.####
..##..#@## #..# #.....
#..#r####..# #...
#..)J.>....# #...
####..##.#..### ##..
#.............# #..
#.......†...#†# ##..
#......#.##.#.#####...
...........#..............
...........####.#(#####...


You could see an endoplasm and a rat.

Vanquished Creatures
  2 dart slugs (D:1)
  3 bats (D:1)
  2 giant cockroaches (D:1)
  3 goblins (D:1)
  A quokka (D:1)
  2 ball pythons (D:1)
  A frilled lizard (D:1)
  A rat (D:1)
15 creatures vanquished.

Notes
Turn   | Place    | Note
-------+----------+-------------------------------------------
     0 | D:1      | BRD the Barachi Reaver began the quest for the Orb.
     0 | D:1      | Reached XP level 1. HP: 17/17 MP: 3/3
    85 | D:1      | Reached XP level 2. HP: 23/23 MP: 5/5
   150 | D:1      | Reached skill level 1 in Armour
   228 | D:1      | HP: 1/23 [frozen (4)]
   236 | D:1      | Slain by a rat

Illustrated notes

Levels and vault maps discovered:
D:1:      lightli_molten_gateway, layout_loops_ring, corexii_leaking_fountain

Skill      XL: |  1  2 |
---------------+-------+-----
Armour         | 1 |  1.2
Fighting       | |  2.8
Long Blades    | |  3.9
Dodging        | |  2.5
Spellcasting   | |  2.1
Conjurations   | |  3.2

Action                     || total
---------------------------++-------
  Melee: Falchion          ||    60
         Punch             ||     2
 Armour: Leather armour    ||     4
         Chain mail        ||    73
  Dodge: Dodged            ||    35

Table legend: (Time is in decaauts)
 A = Elapsed time spent in this place.
 B = Non-inter-level travel time spent in this place.
 C = Inter-level travel time spent in this place.
 D = Time resting spent in this place.
 E = Time spent auto-exploring this place.
 F = Levels seen in this place.
 G = Mean time per level.
                   A        B        C        D        E       F      G
               +--------+--------+--------+--------+--------+-----+--------+
         Total |    269 |    269 |      0 |      0 |    135 |   1 |  269.0 |
       Dungeon |    269 |    269 |      0 |      0 |    135 |   1 |  269.0 |
               +--------+--------+--------+--------+--------+-----+--------+

Top non-repeatable levels by time:
     D:1: 269 daAuts
